 Dungeon Crawl Stone Soup version 0.19.1 (webtiles) character file.

116 RaHiT the Magician (level 4, -7/30 HPs)
             Began as a Mummy Conjurer on Nov 25, 2016.
             Mangled by a river rat (10 damage)
             ... on level 3 of the Dungeon.
             The game lasted 00:15:19 (2030 turns).

RaHiT the Magician (Mummy Conjurer)                 Turns: 2030, Time: 00:15:20

Health: -7/30      AC:  4    Str: 11    XL:     4   Next: 70%
Magic:  0/10       EV: 12    Int: 15    God:
Gold:   72         SH:  0    Dex: 12    Spells: 4 memorised, 2 levels left

rFire  x . .     SeeInvis .     h - +0 whip
rCold  + . .     Gourm    .     a - +0 robe
rNeg   + + +     Faith    .     (no shield)
rPois  ∞         Spirit   .     (no helmet)
rElec  .         Reflect  .     (no cloak)
rCorr  +         Harm     .     e - +0 pair of gloves
MR     .....                    m - +0 pair of boots
Stlth  ++........               (no amulet)
                                (no ring)
                                j - ring of resist corrosion

@: no status effects
A: no food or potions, fire vulnerability, cold resistance 1, negative energy
resistance 3, torment resistance, unbreathing
a: no special abilities


You were on level 3 of the Dungeon.
You were not hungry.

You visited 1 branch of the dungeon, and saw 3 of its levels.

You collected 72 gold pieces.

Inventory:

Hand Weapons
 h - a +0 whip (weapon)
 r - a +0 antimagic dagger
Missiles
 c - 8 curare-tipped needles
 n - 8 silver javelins (quivered)
Armour
 a - a +0 robe (worn)
 e - a +0 pair of gloves (worn)
 m - a +0 pair of boots (worn)
Jewellery
 j - a ring of resist corrosion (left hand)
Wands
 l - a wand of acid (12/15)
Scrolls
 d - a scroll of teleportation {unknown}
 f - a scroll of recharging
 g - a scroll of identify {unknown}
 i - a scroll of enchant weapon {unknown}
 k - a scroll of remove curse
 o - a scroll of fog {unknown}
 q - a scroll of magic mapping {unknown}
 s - a scroll of random uselessness {unknown}
Books
 b - a book of Conjurations

   Spells                             Type                      Level
   a - Magic Dart                     Conjuration                  1
   b - Searing Ray                    Conjuration                  2
   c - Dazzling Spray                 Conjuration/Hexes            3
   d - Fulminant Prism                Conjuration/Hexes            4
   e - Iskenderun's Mystic Blast      Conjuration                  4
   f - Iskenderun's Battlesphere      Conjuration/Charms           5


   Skills:
 - Level 1.5 Dodging
 - Level 1.5 Stealth
 * Level 4.6 Spellcasting
 - Level 3.2 Conjurations


You had 2 spell levels left.
You knew the following spells:

 Your Spells              Type           Power        Failure   Level  Hunger
a - Magic Dart            Conj           ##..         6%          1    N/A
b - Searing Ray           Conj           ##....       10%         2    N/A
c - Dazzling Spray        Conj/Hex       #.....       30%         3    N/A
d - Iskenderun's Mystic   Conj           ##......     54%         4    N/A

Dungeon Overview and Level Annotations

Branches:
Dungeon (3/15)

Altars:
Dithmenos
Hepliaklqana

Portals:
Sewer: D:3


Innate Abilities, Weirdness & Mutations

You do not eat or drink.
Your flesh is vulnerable to fire.
You are immune to poison.
Your flesh is cold resistant. (rC+)
You are immune to negative energy. (rN+++)
You are immune to unholy pain and torment.
You can survive without breathing.


Message History

The magic dart hits the river rat.
The river rat is severely wounded.
The river rat bites you!
* * * LOW HITPOINT WARNING * * *
You hear the slow rusting of a drain nearby.
There is a stone staircase leading up here.
The river rat barely misses you.
There is a stone staircase leading up here.
Casting: Magic Dart
Confirm with . or Enter, or press ? or * to list all spells.
Aiming: Searing Ray
Press: ? - help, Shift-Dir - straight line, f/p - river rat
Aim: a river rat (severely wounded)
The searing ray hits the river rat.
The river rat is severely wounded.
The river rat closely misses you.
The searing ray misses the river rat.
The river rat bites you.
* * * LOW HITPOINT WARNING * * *
The searing ray misses the river rat.
The river rat bites you!
You die...

.... # ##..# .# ...###.##
.# #.##....# #..
#########.##.##.### #...
#...<..†..%...†...#
.....##.###.####.......≈#
........# #r# #....≈≈≈≈#
##.####.###@# #..≈≈≈≈≈≈#
#.....# #...≈#+###
####### #...≈# #...≈'≈∩≈#
#...≈#≈≈≈# ##########


You could see a river rat.

Vanquished Creatures
  4 adders
  2 worms (D:2)
  3 dart slugs
  2 leopard geckos
  2 ball pythons
  4 bats
  5 giant cockroaches
  9 goblins
  7 hobgoblins
  5 jackals (D:2)
  6 kobolds
  A quokka (D:2)
  2 frilled lizards
  8 rats
60 creatures vanquished.

Notes
Turn   | Place    | Note
-------+----------+-------------------------------------------
     0 | D:1      | RaHiT the Mummy Conjurer began the quest for the Orb.
     0 | D:1      | Reached XP level 1. HP: 13/13 MP: 3/3
   219 | D:1      | Reached XP level 2. HP: 18/19 MP: 0/5
   285 | D:1      | Learned a level 2 spell: Searing Ray
   411 | D:1      | Reached skill level 3 in Spellcasting
   798 | D:2      | Reached XP level 3. HP: 24/24 MP: 4/7
  1097 | D:2      | Learned a level 3 spell: Dazzling Spray
  1277 | D:2      | Found a hazy altar of Hepliaklqana.
  1277 | D:2      | Found a faded altar of an unknown god.
  1282 | D:2      | Found a faded altar of an unknown god.
  1284 | D:2      | Found a faded altar of an unknown god.
  1285 | D:2      | Found a faded altar of an unknown god.
  1369 | D:2      | Found a shadowy altar of Dithmenos.
  1375 | D:2      | Reached skill level 4 in Spellcasting
  1375 | D:2      | Reached XP level 4. HP: 28/30 MP: 6/10
  1907 | D:2      | Learned a level 4 spell: Iskenderun's Mystic Blast
  1953 | D:3      | Found a glowing drain.
  2030 | D:3      | Mangled by a river rat

Skill      XL: |  1  2  3 |
---------------+----------+-----
Spellcasting   | 3 4 |  4.6
Dodging        | |  1.5
Stealth        | |  1.5
Conjurations   | |  3.2

Action                   |  1- 3 |  4- 6 || total
-------------------------+-------+-------++-------
Melee: Unarmed           |    35 |       ||    35
       Whip              |    25 |    30 ||    55
       Mace              |       |    18 ||    18
Throw: Javelin           |     1 |       ||     1
 Cast: Magic Dart        |    54 |    17 ||    71
       Searing Ray       |     6 |     7 ||    13
  Use: Scroll            |       |     2 ||     2
Armor: Robe              |    21 |    19 ||    40
Dodge: Dodged            |    51 |    46 ||    97
